 Dungeon Crawl Stone Soup version 0.26-a0-651-gb41185065b (webtiles) character file.

Game seed: 9367169959584149028

255 Irenicus the Geomancer (level 5, 0/42 HPs)
             Began as a Deep Dwarf Earth Elementalist on Oct 6, 2020.
             Killed from afar by Blork the orc (5 damage)
             ... with a puff of frost
             ... on level 4 of the Dungeon.
             The game lasted 00:10:32 (1489 turns).

Irenicus the Geomancer (DDEE)                       Turns: 1489, Time: 00:10:32

Health: 0/42       AC:  5    Str: 10 (11) XL:     5   Next: 91%
Magic:  6/7        EV: 12    Int: 17      God:
Gold:   85         SH:  0    Dex: 11 (13) Spells: 4/7 levels left

rFire    . . .     SeeInvis .   k - +1 dagger (venom)
rCold    . . .     Faith    .   (no shield)
rNeg     . . .     Spirit   .   p - +1 leather armour
rPois    .         Reflect  .   (no helmet)
rElec    .         Harm     .   (no cloak)
rCorr    .         Rampage  .   g - +0 pair of gloves
MR       .....                  (no boots)
Stlth    ++........             (no amulet)
HPRegen  0.00/turn              (no ring)
MPRegen  0.10/turn              (no ring)

@: non-regenerating
A: damage resistance, heal wounds, sense surroundings 1, no regeneration
a: Heal Wounds


You were on level 4 of the Dungeon.
You visited 1 branch of the dungeon, and saw 4 of its levels.

You collected 85 gold pieces.

Inventory:

Hand Weapons
 k - a +1 dagger of venom (weapon)
   (You found it on level 2 of the Dungeon)
Missiles
 b - 34 stones (quivered)
Armour
 g - a +0 pair of gloves (worn)
   (You found it on level 2 of the Dungeon)
 p - a +1 leather armour (worn)
   (You found it on level 3 of the Dungeon)
Scrolls
 e - a scroll of remove curse
 f - a scroll of amnesia
 m - 4 scrolls of identify
Potions
 l - a potion of curing


   Skills:
 - Level 2.1 Dodging
 - Level 2.4 Stealth
 - Level 1.7 Spellcasting
 - Level 0.8 Transmutations
 + Level 8.8 Earth Magic


You had 4 spell levels left.
You knew the following spells:

 Your Spells              Type           Power        Failure   Level
a - Sandblast             Erth           ####..       1%          1
w - Passwall              Tmut/Erth      ###.....     5%          2

Your spell library contained the following spells:

 Spells                   Type           Power        Failure   Level
 Stone Arrow              Conj/Erth      ###...       13%         3
 Petrify                  Tmut/Erth      ###.....     36%         4
 Lee's Rapid Deconstruct  Erth           ####......   21%         5


Dungeon Overview and Level Annotations

Branches:
Dungeon (4/15)
 Temple: D:4-7

Altars:
Dithmenos
Fedhas
Gozag
Kikubaaqudgha
Sif Muna
Uskayaw
Vehumet
Wu Jian
Yredelemnul
The Shining One

Annotations:
D:4 Blork the orc


Innate Abilities, Weirdness & Mutations

You are resistant to damage.
You can heal yourself by infusing magical energy.
You passively map a small area around you.
You do not regenerate.


Message History

Press: ? - help, Shift-Dir - straight line, f - gnoll
Aim: a gnoll, wielding a +0 spear The blast of sand hits the gnoll!!
You kill the gnoll!
b - 36 stones The gnoll barely misses you.
You now have 0/7 mp.
You hit the gnoll.
You kill the gnoll!
You feel your intelligence returning.
As you read the scroll labeled FEAVAI CYLEWKI, it crumbles to dust.
It is a scroll of enchant armour.
Your leather armour glows green for a moment.
As you read the scroll labeled MISMIXT FONIO, it crumbles to dust.
Your brain hurts!
It was a scroll of random uselessness.
As you read the scroll labeled TYMASORPHAC, it crumbles to dust.
The scroll dissolves into smoke.
It was a scroll of fog.
As you read the scroll labeled PIAMANL RUDO, it crumbles to dust.
You cannot blink because you are held in place by your roots.
It was a scroll of blinking.
Okay, then.
Okay, then.
Unknown command.
Unknown command.
Unknown command.
Adjust (i)tems, (s)pells, or (a)bilities?
Okay, then. (m)acro, (M)acro raw, keymap [(k) default, (x) level-map, (t)argeting, (c)onfirm, m(e)nu], (s)ave?
Input default keymap trigger key: p Input default keymap action: p Created default keymap 'p' => 'p'.
Unknown command.
Unknown command.
Adjust (i)tems, (s)pells, or (a)bilities?
Okay, then. (m)acro, (M)acro raw, keymap [(k) default, (x) level-map, (t)argeting, (c)onfirm, m(e)nu], (s)ave?
Aborting.
Unknown command.
Unknown command.
You start resting.
Your transformation is almost over.
You start resting.
You start to feel less resistant.
You start resting.
You feel less wooden.
Your +0 pair of gloves unmelds from your body.
Your +0 robe unmelds from your body.
You now have 7/42 hp.
You see here a rat corpse.
Your resistance to elements expires.
You see here a +0 spear.
Things that are here:
a +0 club; a kobold corpse
Found a stone staircase leading down.
m - 4 scrolls of identify (gained 1) MP restored: 7
There is a stone staircase leading down here.
You climb downwards.
There is a stone staircase leading up here.
You start removing your armour.
You continue taking off your +0 robe. x4
You finish taking off your +0 robe.
You start putting on your armour.
You continue putting on your leather armour. x5
You finish putting on your +1 leather armour.
Drop what? 9/52 slots (_ for help) (? for menu, Esc to quit)
You drop a +0 robe.
A hound comes into view.
The hound barks!
You open the door.
Casting: Sandblast (safe; 1% risk of failure)
Confirm with . or Enter, or press ? or * to list all spells.
Aiming: Sandblast (safe; 1% risk of failure)
Press: ? - help, Shift-Dir - straight line, f - hound
Aim: a hound The blast of sand hits the hound.
The hound is moderately wounded.
b - 35 stones The hound bites you.
* * * LOW HITPOINT WARNING * * *
You take 2 damage, and have 5/42 hp.
You now have 6/7 mp.
Casting: Sandblast (safe; 1% risk of failure)
Confirm with . or Enter, or press ? or * to list all spells.
Aiming: Sandblast (safe; 1% risk of failure)
Press: ? - help, Shift-Dir - straight line, f/p - hound
Aim: a hound (moderately wounded)
The blast of sand hits the hound!
You kill the hound!
b - 34 stones You now have 5/7 mp.
Found a blossoming altar of Fedhas.
An orc comes into view. It is wielding a +0 trident.
The orc shouts!
An orc comes into view. It is wielding a +0 hand axe.
Found an ancient bone altar of Kikubaaqudgha.
Blork the orc comes into view.
He is wielding a +0 halberd.
An orc comes into view. It is wielding a +0 whip.
The orc shouts!
Blork the orc shouts!
Blork the orc casts a spell at you. The puff of frost hits you!
You die...

*, , ,
......... * ,
....oo.. *
*,.o.... ,,
....., , ####
#... ,
#P.P##.o# **
#._P.P..###
#.....@.P.####
####P........#
, ####..PPP_P#
, ,
#.....##PPP#
####......#####
#.............
*
#.##...........
,
#..'...........
#.##...........


You could see Blork the orc and 3 orcs.

Vanquished Creatures
  A sky beast (D:3)
  A hound (D:4)
  4 gnolls (D:3)
  2 adders (D:3)
  An ooze (D:1)
  3 worms (D:2)
  A dart slug (D:3)
  A leopard gecko (D:2)
  2 orcs (D:3)
  A ball python (D:1)
  5 giant cockroaches
  8 goblins
  3 hobgoblins
  3 jackals (D:2)
  9 kobolds
  5 bats
  A frilled lizard (D:1)
  11 rats
62 creatures vanquished.

Notes
Turn   | Place    | Note
-------+----------+-------------------------------------------
     0 | D:1      | Irenicus the Deep Dwarf Earth Elementalist began the quest
                  | for the Orb.
     0 | D:1      | Reached XP level 1. HP: 15/15 MP: 3/3
   274 | D:2      | Reached XP level 2. HP: 22/22 MP: 0/4
   304 | D:2      | Reached skill level 5 in Earth Magic
   383 | D:2      | Found a glowing golden altar of the Shining One.
   394 | D:2      | Found a basalt altar of Yredelemnul.
   394 | D:2      | Found an opulent altar of Gozag.
   394 | D:2      | Found a radiant altar of Vehumet.
   394 | D:2      | Found a hide-covered altar of Uskayaw.
   397 | D:2      | Found an ornate altar of the Wu Jian Council.
   399 | D:2      | Found a shimmering blue altar of Sif Muna.
   400 | D:2      | Found a shadowy altar of Dithmenos.
   564 | D:1      | Reached XP level 3. HP: 26/28 MP: 3/5
   575 | D:1      | Found a glowing golden altar of the Shining One.
   751 | D:1      | Reached skill level 6 in Earth Magic
   793 | D:1      | Learned a level 2 spell: Passwall
  1106 | D:3      | Reached XP level 4. HP: 33/36 MP: 2/6
  1148 | D:3      | Found a faded altar of an unknown god.
  1280 | D:3      | Noticed a sky beast
  1288 | D:3      | Reached skill level 7 in Earth Magic
  1303 | D:3      | HP: 8/36 [something (4)]
  1315 | D:3      | HP: 10/54 [gnoll (3)]
  1317 | D:3      | Killed a sky beast
  1317 | D:3      | Reached skill level 8 in Earth Magic
  1317 | D:3      | Reached XP level 5. HP: 11/42 MP: 1/7
  1480 | D:4      | HP: 5/42 [hound (2)]
  1486 | D:4      | Found a blossoming altar of Fedhas.
  1487 | D:4      | Found an ancient bone altar of Kikubaaqudgha.
  1488 | D:4      | Noticed Blork the orc
  1489 | D:4      | Killed from afar by Blork the orc

Illustrated notes

Levels and vault maps discovered:
D:1:      dpeg_arrival_water_fire, layout_loops_corners, nrook_mini_backslash,
          tso_metal_star
D:2:      layout_basic, minitemple, kennysheep_generic_room_15
D:3:      layout_loops_ring, chequers_ecumenical_altar_simple_redux
D:4:      layout_basic, grunt_temple_overflow_growth_and_decay,
          uniq_blork_the_orc, uniq_natasha, uniq_duvessa

Skill      XL: |  1  2  3  4 |
---------------+-------------+-----
Earth Magic    | 5 6 8 |  8.8
Dodging        | |  2.1
Stealth        | |  2.4
Spellcasting   | |  1.7
Transmutations | |  0.8

Action                   |  1- 3 |  4- 6 || total
-------------------------+-------+-------++-------
Melee: Dagger            |    20 |    12 ||    32
       Unarmed           |     2 |       ||     2
Throw: Throwing net      |       |     1 ||     1
 Cast: Sandblast         |    50 |    25 ||    75
       Passwall          |     4 |       ||     4
  Use: Scroll            |     3 |     4 ||     7
       Potion            |       |     4 ||     4
 Stab: Sleeping          |       |     1 ||     1
Armor: Robe              |    11 |     2 ||    13
       Skin              |       |    17 ||    17
Dodge: Dodged            |    35 |     9 ||    44

Table legend: (Time is in decaauts)
 A = Elapsed time spent in this place.
 B = Non-inter-level travel time spent in this place.
 C = Inter-level travel time spent in this place.
 D = Time resting spent in this place.
 E = Time spent auto-exploring this place.
 F = Levels seen in this place.
 G = Mean time per level.
                   A        B        C        D        E       F      G
               +--------+--------+--------+--------+--------+-----+--------+
         Total |   1487 |   1419 |     68 |     19 |      0 |   4 |  371.8 |
       Dungeon |   1487 |   1419 |     68 |     19 |      0 |   4 |  371.8 |
               +--------+--------+--------+--------+--------+-----+--------+

Top non-repeatable levels by time:
     D:1: 691 daAuts
     D:3: 411 daAuts
     D:2: 358 daAuts
     D:4: 25 daAuts

Table legend:
 A = Kills in this place as a percentage of kills in entire the game.
 B = Kills by you in this place as a percentage of kills by you in the entire game.
 C = Kills by friends in this place as a percentage of kills by friends in the entire game.
 D = Other kills in this place as a percentage of other kills in the entire game.
 E = Experience gained in this place as a percentage of experience gained in the entire game.
 F = Experience gained in this place divided by the number of levels of this place that you have seen.
                   A       B       C       D       E      F
               +-------+-------+-------+-------+-------+----------------------
         Total | 100.0 | 100.0 |   N/A |   N/A | 100.0 |  91.2
       Dungeon | 100.0 | 100.0 |   N/A |   N/A | 100.0 |  91.2
               +-------+-------+-------+-------+-------+----------------------
